cohdb
Replays
Latest Replays
All Replays
Popular Replays
Top Player Replays
Match Explorer
How It Works
Community
CoH3 Stats
Reddit
Sign in to upload your games and track your stats! →
Sign in with Steam
Match 39332318
Unlisted
Match 39332318
Overview
Messages
Build Orders
End
Construct Weapon Support Center
Selects Advanced Infantry Battlegroup
Engineer Squad
M1919 Machine Gun Team
M1919 Machine Gun Team
Construct Barracks
Riflemen Squad
M1 Mortar Team
Construct Medical Station
Selects Convert to Ranger Squad
Riflemen Squad
Convert to Ranger Squad
Selects Frontline Medical Station
Convert to Ranger Squad
Frontline Medical Station
Infantry Support Center
Selects Ranger Weapon Training
Selects Ammunition Storage
Improved M9 Bazooka Rockets
Riflemen Squad
Selects M2A1 105mm Howitzer Emplacement
Selects Free Fire Drills
Convert to Ranger Squad
Riflemen Squad
Selects Ranger Weapon Training
Convert to Ranger Squad
Riflemen Squad
Convert to Ranger Squad
Survival Training
Riflemen Squad
Convert to Ranger Squad
Riflemen Squad
Convert to Ranger Squad
Engineer Squad
Adas_Co_Ma_Dlugi
Marcin Łopian
DibbeTC
爱玩原神的跨性别女权主义黑人南通
14asa
老紫蜀道山
0
0
Comments
sign in to comment!
No comments posted yet!